 Dungeon Crawl Stone Soup version 0.30.1-11-g7821555f0a (webtiles) character file.

Game seed: 7439411696372346211

529 Okkudo the Trooper (level 7, -2/64 HPs)
             Began as a Hill Orc Fighter on Nov 27, 2023.
             Was an Initiate of Beogh.
             Slain by an ogre
             ... wielding a +0 giant club
              (9 damage)
             ... on level 5 of the Dungeon.
             The game lasted 00:18:55 (3451 turns).

Okkudo the Trooper (Hill Orc Fighter)               Turns: 3451, Time: 00:18:56

Health: -2/64      AC: 14    Str: 20 (21) XL:     7   Next: 23%
Magic:  7/7        EV:  9    Int:  5 (8)  God:    Beogh [......]
Gold:   151        SH:  4    Dex:  7 (10) Spells: 6/6 levels left

rFire   x . .        a - +0 war axe
rCold   + . .        c - +0 buckler
rNeg    . . .        b - +0 scale mail
rPois   .            k - +0 helmet
rElec   .            t - +2 cloak
rCorr   .            (no gloves)
SInv    +            u - +2 pair of boots
Will    .....        (no amulet) Stlth
                     e - ring of see invisible
HPRegen 0.30/turn    m - ring of ice
MPRegen 0.10/turn

%: no passive effects
@: no status effects
A: no striking features
a: Renounce Religion


You were on level 5 of the Dungeon.
You worshipped Beogh.
Beogh was noncommittal.
You visited 1 branch of the dungeon, and saw 5 of its levels.

You collected 151 gold pieces.

Inventory:

Hand Weapons
 a - a +0 war axe (weapon)
 y - a +0 scythe
Missiles
 w - 13 poisoned darts (quivered)
Armour
 b - a +0 scale mail (worn)
 c - a +0 buckler (worn)
 k - a +0 helmet (worn)
 t - a +2 cloak (worn)
 u - a +2 pair of boots (worn)
Jewellery
 e - a ring of see invisible (left hand)
 m - a ring of ice (right hand)
Wands
 B - a wand of roots (8)
Scrolls
 j - 4 scrolls of magic mapping {unknown}
 l - a scroll of fear
 q - 2 scrolls of fog {unknown}
 r - 2 scrolls of enchant weapon {unknown}
 v - a scroll of vulnerability
 x - a scroll of noise
 A - a scroll of acquirement
Potions
 d - 2 potions of might
 f - a potion of cancellation {unknown}
 g - 2 potions of resistance
 h - a potion of lignification {unknown}
 i - 3 potions of attraction
 n - a potion of brilliance
 o - a potion of flight {unknown}
 s - a potion of haste {unknown}
 z - a potion of ambrosia


   Skills:
 * Level 6.6 Fighting
 * Level 6.6 Axes
 + Level 4.9 Armour
 - Level 3.4 Shields


You had 6 spell levels left.
You didn't know any spells.
Your spell library contained the following spells:

 Spells                   Type           Power      Damage    Failure   Level
 Sandblast                Erth           0%         2d4       87%         1
 Shock                    Conj/Air       0%         1d3       87%         1
 Passwall                 Tmut/Erth      0%         N/A       95%         2
 Dazzling Flash           Conj/Hex       0%         N/A       99%         3
 Stone Arrow              Conj/Erth      0%         3d7       99%         3
 Swiftness                Air            0%         N/A       99%         3
 Volatile Blastmotes      Fire/Tloc      0%         2d10      99%         3
 Airstrike                Air            0%         2d(0-16)  100%        4
 Iskenderun's Mystic Bla  Conj/Tloc      0%         2d3       100%        4
 Starburst                Conj/Fire      0%         6d3       100%        6


Dungeon Overview and Level Annotations

Branches:
Dungeon (5/15)
 Temple: D:4-7

Altars:
Hepliaklqana
Qazlal
Yredelemnul


Message History

The ogre hits you with a +0 giant club.
You completely miss the ogre.
The ogre is heavily wounded.
The ogre hits you with a +0 giant club!
You barely miss the ogre.
The ogre is heavily wounded.
The ogre attacks as you move away! The ogre closely misses you.
The ogre attacks as you move away! The ogre completely misses you.
Throw: 16 darts (poison)
Press: ? - help, Q - select action, (/) - cycle Shift-Dir - straight line, f/p - ogre
Aim: an ogre, wielding a +0 giant club (heavily wounded, 72% to hit)
You throw a poisoned dart. The poisoned dart hits the ogre.
The ogre is heavily wounded.
The ogre barely misses you.
Throw: 15 darts (poison)
Press: ? - help, Q - select action, (/) - cycle Shift-Dir - straight line, f/p - ogre
Aim: an ogre, wielding a +0 giant club (heavily wounded, 72% to hit)
You throw a poisoned dart. The poisoned dart hits the ogre.
The ogre is heavily wounded.
The ogre attacks as you move away! The ogre hits you with a +0 giant club!
* * * LOW HITPOINT WARNING * * *
You hit the ogre.
The ogre is heavily wounded.
The ogre hits you with a +0 giant club!
* * * LOW HITPOINT WARNING * * *
You see here a poisoned dart.
Press: ? - help, v - describe, . - travel
Here: an ogre, wielding a +0 giant club (heavily wounded)
The floor.
An ogre is nearby!
Unknown command.
Throw: 14 darts (poison)
Press: ? - help, Q - select action, (/) - cycle Shift-Dir - straight line, f/p - ogre
Aim: an ogre, wielding a +0 giant club (heavily wounded, 72% to hit)
You throw a poisoned dart. The poisoned dart hits the ogre.
The ogre is heavily wounded.
You slash the ogre!
The ogre is severely wounded.
The ogre hits you with a +0 giant club!
You die...

##.....## ##.....#
#.......####...##..#
##....(...#....##
##.#
#....#####....## ..#
#..### ##...# .#
#..# #..## #..#
######(.#
#..###....O..##
#....(...@....#
#.............#
##..####......# ####
....(...#
.....#.....
....######... ...###
### ...#


You could see an ogre.

Vanquished Creatures
  Sigmund (D:3)
  A water moccasin (D:4)
  A hound (D:4)
  An iguana (D:4)
  Natasha (D:4)
  7 gnolls
  3 adders
  3 worms
  A dart slug (D:2)
  6 orcs
  10 endoplasms
  2 giant cockroaches
  11 goblins
  4 hobgoblins
  2 jackals (D:3)
  3 quokkas
  5 ball pythons
  7 bats
  6 frilled lizards
  7 kobolds
  7 rats
89 creatures vanquished.

Notes
Turn   | Place    | Note
-------+----------+-------------------------------------------
     0 | D:1      | Okkudo the Hill Orc Fighter began the quest for the Orb.
     0 | D:1      | Reached XP level 1. HP: 19/19 MP: 1/1
   124 | D:1      | Found a faded altar of an unknown god.
   191 | D:1      | Reached XP level 2. HP: 27/27 MP: 2/2
   536 | D:1      | Reached XP level 3. HP: 33/33 MP: 3/3
  1484 | D:3      | Reached XP level 4. HP: 35/41 MP: 4/4
  1515 | D:3      | You fall into a shaft and drop 1 floor!
  1689 | D:4      | Noticed a water moccasin
  1699 | D:4      | Killed a water moccasin
  1700 | D:4      | Reached skill level 5 in Fighting
  1700 | D:4      | Reached skill level 5 in Axes
  1700 | D:4      | Reached XP level 5. HP: 12/48 MP: 5/5
  1852 | D:4      | Noticed Natasha
  1863 | D:4      | Killed Natasha
  1864 | D:4      | Reached XP level 6. HP: 51/56 MP: 6/6
  2259 | D:3      | Found a basalt altar of Yredelemnul.
  2260 | D:3      | Found a hazy altar of Hepliaklqana.
  2260 | D:3      | Found a stormy altar of Qazlal.
  2296 | D:3      | Noticed Sigmund
  2325 | D:3      | Killed Sigmund
  2326 | D:3      | Reached XP level 7. HP: 53/64 MP: 7/7
  2574 | D:3      | Identified a scroll of acquirement
  2588 | D:4      | Became a worshipper of Beogh the Brigand
  3214 | D:5      | Entered Level 5 of the Dungeon
  3436 | D:5      | HP: 3/64 [ogre/+0 giant club (16)]
  3451 | D:5      | Slain by an ogre

Illustrated notes

Levels and vault maps discovered:
D:1:      mushboom_english_gardens, layout_basic,
          hellmonk_ecumenical_altar_run_dry
D:2:      layout_basic
D:3:      layout_basic, chequers_temple_overflow_statue_of_worship,
          grunt_decor_resistance, nicolae_figureground_sparkle, uniq_sigmund
D:4:      layout_loops_ring, uniq_natasha
D:5:      layout_layer_cave, serial_shops, shop, kennysheep_generic_room_4,
          uniq_edmund

Skill      XL: |  1  2  3  4  5  6 |
---------------+-------------------+-----
Axes           | 3 4 5 6 |  6.6
Fighting       | 4 5 6 |  6.6
Armour         | 4 |  4.9
Shields        | |  3.4

Action                     |  1- 3 |  4- 6 |  7- 9 || total
---------------------------+-------+-------+-------++-------
  Melee: War axe           |   117 |    90 |    72 ||   279
  Throw: Dart              |       |     5 |     6 ||    11
 Invoke: Convert to Beogh  |       |       |     1 ||     1
    Use: Potion            |       |     2 |     6 ||     8
         Scroll            |       |       |     7 ||     7
 Armour: Scale mail        |    56 |    43 |    37 ||   136
  Dodge: Dodged            |    45 |    39 |    46 ||   130
  Block: Buckler           |    34 |    19 |    12 ||    65
